Map: Orbital Shipyard

Players

Princess - Winner!

  • Race: Protoss Protoss
  • League: Diamond

LilDicky

  • Race: Terran Terran
  • League: Diamond

VOD

http://www.twitch.tv/tumescentpie

Description

Time

  • Played on: Dec. 20, 2015, 3:58 p.m.
  • Length: 8:35
Show
View Real Time Build Order
Export as new Build Order

Princess Protoss - Winner!

Build Orders: Colossus Rush 

Get SALT Encoding   

  12  0:01  Probe (Chrono Boost)  
  13  0:11  Probe (Chrono Boost)  
  14  0:18  Pylon  
  14  0:22  Probe (Chrono Boost)  
  15  0:36  Probe (Chrono Boost)  
  15  0:38  Gateway  
  16  0:45  Assimilator  
  16  0:47  Probe (Chrono Boost)  
  17  0:57  Probe (Chrono Boost)  
  17  1:02  Gateway  
  18  1:08  Probe (Chrono Boost), Assimilator  
  19  1:19  Probe (Chrono Boost)  
  20  1:29  Probe (Chrono Boost)  
  21  1:38  Cybernetics Core  
  22  1:40  Probe (Chrono Boost)  
  22  1:48  Pylon  
  22  1:50  Probe (Chrono Boost)  
  23  2:06  Probe (Chrono Boost)  
  24  2:14  Adept x2  
  28  2:16  Warp Gate (Chrono Boost)  
  28  2:17  Probe  
  28  2:24  Robotics Facility  
  28  2:30  Probe  
  29  2:42  Probe, Pylon  
  30  3:00  Mothership Core  
  32  3:06  Nexus  
  32  3:12  Observer  
  33  3:25  Adept x2  
  35  4:08  Adept x2  
  37  4:14  Probe  
  38  4:17  Robotics Bay  
  38  4:25  Probe  
  38  4:26  Probe  
  38  4:29  Sentry x2  
  44  4:35  Nexus  
  44  4:43  Nexus  
  44  4:47  Probe  
  44  4:51  Probe  
  47  5:00  Probe  
  47  5:01  Probe, Pylon  
  48  5:14  Colossus (Chrono Boost)  
  54  5:22  Adept  
  54  5:25  Adept  
  58  5:36  Probe, Pylon  
  58  5:38  Pylon  
  59  5:43  Adept  
  59  5:46  Probe  
  59  5:48  Probe  
  63  5:56  Probe  
  58  6:00  Probe, Adept  
  62  6:05  Colossus (Chrono Boost)  
  62  6:07  Probe  
  62  6:08  Assimilator  
  69  6:12  Probe  
  69  6:17  Probe  
  66  6:19  Adept  
  66  6:20  Adept  
  66  6:24  Probe  
  66  6:25  Assimilator  
  72  6:28  Probe  
  72  6:30  Pylon  
  73  6:39  Extended Thermal Lance  
  73  6:49  Stalker  
  75  6:59  Probe  
  76  7:03  Pylon  
  76  7:06  Gateway  
  76  7:08  Gateway x2  
  76  7:17  Adept x2  
  66  7:31  Probe  
  66  7:32  Probe, Pylon  
  66  7:33  Pylon  
  66  7:36  Twilight Council, Pylon  
  68  7:39  Pylon  
  68  7:41  Stalker x2  
  72  7:51  Probe  
  79  8:07  Adept x5  
  87  8:19  Probe  
  85  8:21  Probe  
  87  8:29  Stalker x2  
Show
View Real Time Build Order
Export as new Build Order

LilDicky Terran 

Build Orders: MMM Bio 

Get SALT Encoding   

  12  0:02  SCV  
  13  0:15  SCV  
  14  0:25  Supply Depot  
  14  0:27  SCV  
  15  0:46  SCV  
  15  0:48  Barracks  
  16  0:52  Refinery  
  16  0:58  SCV  
  17  1:10  SCV  
  18  1:23  SCV  
  19  1:35  SCV  
  20  1:45  Supply Depot, Marine  
  22  1:54  Orbital Command  
  22  1:57  Factory  
  21  2:25  Barracks  
  21  2:26  SCV, Barracks  
  22  2:31  Barracks Reactor  
  22  2:35  Refinery  
  22  2:38  SCV  
  22  2:42  Supply Depot  
  23  2:51  SCV  
  24  3:00  Widow Mine  
  24  3:03  SCV  
  27  3:10  Marine  
  27  3:11  Marine  
  29  3:15  SCV, Barracks Tech Lab  
  29  3:16  Barracks Tech Lab  
  30  3:28  Marine  
  30  3:29  Marine  
  32  3:35  Stimpack  
  32  3:37  Combat Shields  
  32  3:38  Marine x2  
  34  3:46  Marine  
  32  3:53  Marine  
  30  3:55  Marine  
  30  3:57  Marine  
  29  4:04  Marine  
  29  4:09  SCV  
  30  4:11  Marine  
  30  4:13  Starport, Marine  
  30  4:15  Marine  
  33  4:21  SCV  
  33  4:22  Marine  
  35  4:29  Marine  
  36  4:31  Marine  
  36  4:33  SCV, Marine  
  39  4:39  Supply Depot  
  39  4:52  Supply Depot  
  39  4:59  Concussive Shells  
  39  5:00  Medivac, Marine x3  
  39  5:01  SCV, Marauder  
  39  5:04  Supply Depot  
  48  5:14  SCV  
  48  5:16  Widow Mine  
  48  5:18  Marine x2  
  48  5:19  Marauder  
  54  5:25  Marauder  
  56  5:30  Supply Depot  
  56  5:36  Marine x2  
  56  5:40  Marauder  
  60  5:46  Marine  
  61  5:54  Marine x2  
  57  6:01  Marauder  
  57  6:02  SCV  
  60  6:04  Marine  
  60  6:05  Medivac  
  63  6:11  Marine x2  
  63  6:14  SCV  
  57  6:22  Marine x2  
  59  6:29  Marine x2  
  61  6:40  Marauder, Marine  
  60  6:47  Marine x2  
  62  6:58  Marauder  
  64  7:01  Marine, Widow Mine  
  64  7:05  Marine x2  
  63  7:19  Marine  
  63  7:20  Marauder  
  62  7:23  Marine x2  
  64  7:37  Marauder  
  64  7:41  Marine x3  
  66  7:58  Marine x3  
  66  7:59  Medivac  
  66  8:01  Command Center  
Tags
 
Add a new tag
Caveats
  • Supply blocks, unpowered buildings, or Contaminate may cause inaccurate times.
  • Supply counts are checked every 10 seconds.